AoeStats
← El Fantasma de Pancho Villa

Arena

510006196Analyzed
4v4 RM · 2d ago on Sep 29, 2026· 28m 56s· 8 players
Game mode
Random Map
Map size
Large (8 player)
Population
200
Speed
Normal
Resources
Standard
Victory
Conquest
Starting age
Dark Age
Ending age
Imperial Age
RankedLock teamsTeams togetherTeam positionsShared explorationLock speedFull tech treeHidden civsTurbo modeCheats
Victory
Defeat
🇲🇽 Italians · Mexico
1230
+13
🇲🇽 Persians · Mexico
1229
+13
🇺🇸 Cumans · United States
1162
+16
🇦🇺 Goths · Australia
1130
+17
🇲🇽 Mongols · Mexico
1177
-15
🇨🇳 Franks · China
1168
-15
🇺🇸 Poles · United States
1165
-15
🇧🇷 Huns · Brazil
1133
-14
Atila el Huno
11:22 Feudal Age
12:41 Wheelbarrow
16:48 Castle Age
14:55 Double-Bit Axe
15:44 Horse Collar
17:45 Bow Saw
26:11 Loom
见面问声好
10:09 Feudal Age
15:09 Castle Age
tony.li
10:23 Feudal Age
14:17 Castle Age
12:05 Double-Bit Axe
13:10 Horse Collar
15:53 Bow Saw
16:19 Heavy Plow
16:06 Loom
16:31 Loom
20:45 Wheelbarrow
21:06 Gold Mining
Faelian the Unsuccessful
6:23 Loom
11:14 Feudal Age
14:44 Castle Age
15:01 Wheelbarrow
14:15 Horse Collar
[GMEX] | The_Spartako
11:26 Feudal Age
12:15 Loom
15:23 Castle Age
14:30 Double-Bit Axe
14:29 Horse Collar
16:54 Bow Saw
17:59 Wheelbarrow
24:36 Fletching
24:46 Padded Archer Armor
25:30 Bodkin Arrow
28:00 Stone Mining
28:02 Gold Mining
El Fantasma de Pancho Villa
15:00 Feudal Age
15:07 Man-at-Arms
16:19 Scale Mail Armor
19:24 Double-Bit Axe
21:27 Wheelbarrow
23:58 Horse Collar
29:17 Castle Age
27:03 Town Watch
27:05 Loom
28:38 Scale Barding Armor
28:43 Forging
29:29 Bloodlines
Boywars
10:31 Feudal Age
12:44 Loom
15:06 Castle Age
13:16 Double-Bit Axe
13:14 Horse Collar
16:32 Bow Saw
16:26 Heavy Plow
29:04 Imperial Age
28:45 Husbandry
28:56 Bloodlines
29:07 Gold Mining
29:24 Scale Barding Armor
mickle'a'muckle
10:33 Feudal Age
12:47 Double-Bit Axe
15:19 Castle Age
13:14 Horse Collar
15:06 Stone Mining
15:38 Loom
16:10 Bow Saw
22:12 Heavy Plow
24:13 Wheelbarrow
24:43 Gold Mining
26:08 Hand Cart
25:46 Town Watch
25:53 Man-at-Arms
26:34 Squires
30:41 Imperial Age
27:49 Long Swordsman
29:31 Stone Shaft Mining
29:06 Scale Mail Armor
29:17 Forging
Connection lost

Rejoining the realm…

Still unreachable

The connection could not be restored.

Session expired

The server has moved on; the page needs a fresh start.